[Event "Live Chess"]
[Site "Chess.com"]
[Date "2023.05.20"]
[Round "-"]
[White "Tushinskiy"]
[Black "Argrath"]
[Result "1-0"]
[WhiteElo "2109"]
[BlackElo "1426"]
[TimeControl "300"]
[EndTime "9:35:35 PDT"]
[Termination "Tushinskiy won by resignation"]

1. d4 Nf6 2. c3 d5 3. Nf3 Bf5 4. Bf4 e6 5. Bg3 h6 6. Nbd2 Bd6 7. e3 Bxg3 8. hxg3 Nbd7 9. b4 c6 10. Qb3 O-O 11. Be2 b5 12. O-O Nb6 13. Ne5 Nfd7 14. Nxc6 Qc7 15. Ne7+ Kh8 16. Nxf5 exf5 17. Bxb5 1-0

[Event "Live Chess"]
[Site "Chess.com"]
[Date "2023.05.20"]
[Round "-"]
[White "DianaSpencer1"]
[Black "RoaringKnights"]
[Result "0-1"]
[WhiteElo "546"]
[BlackElo "925"]
[TimeControl "300"]
[EndTime "9:35:36 PDT"]
[Termination "RoaringKnights won by checkmate"]

1. e4 c6 2. f3 d5 3. Bd3 dxe4 4. fxe4 Nf6 5. Nc3 Bg4 6. Be2 Bxe2 7. Kxe2 e6 8. Ke1 Qd4 9. Nf3 Qb6 10. d3 Ng4 11. h3 Qf2# 0-1

[Event "Live Chess"]
[Site "Chess.com"]
[Date "2023.05.20"]
[Round "-"]
[White "wot-not"]
[Black "SupremeTactician"]
[Result "0-1"]
[WhiteElo "1465"]
[BlackElo "2405"]
[TimeControl "300"]
[EndTime "9:35:38 PDT"]
[Termination "SupremeTactician won by resignation"]

1. e4 e5 2. f4 exf4 3. Nf3 g5 4. d4 Bg7 5. Bc4 d6 6. O-O Nc6 7. c3 h6 8. Nbd2 Nge7 9. e5 dxe5 10. Nxe5 Nxe5 11.
dxe5 O-O 12. Kh1 Bxe5 13. Qh5 Bg7 14. Nf3 Be6 15. Bxe6 fxe6 16. Bd2 Qd3 17. Rad1 Rad8 18. h4 Nf5 19. Kh2 Ng3 20. Qg6 Qxg6 0-1

[Event "Live Chess"]
[Site "Chess.com"]
[Date "2023.05.20"]
[Round "-"]
[White "domrobson"]
[Black "Kr1xot4_XGOD"]
[Result "0-1"]
[WhiteElo "1724"]
[BlackElo "2202"]
[TimeControl "300"]
[EndTime "9:35:48 PDT"]
[Termination "Kr1xot4_XGOD won by resignation"]

1. d4 d5 2. c4 c5 3. cxd5 Qxd5 4. Nf3 e6 5. Nc3 Qd6 6. e4 cxd4 7. Nxd4 Nf6 8. Bb5+ Bd7 9. O-O Nc6 10. Bg5 Qxd4 11.
Bxc6 0-1

[Event "Live Chess"]
[Site "Chess.com"]
[Date "2023.05.20"]
[Round "-"]
[White "Goblinbasher"]
[Black "noobsmoker24"]
[Result "0-1"]
[WhiteElo "1200"]
[BlackElo "1376"]
[TimeControl "300"]
[EndTime "9:35:52 PDT"]
[Termination "noobsmoker24 won on time"]

1. e4 Nf6 2. Nc3 d5 3. exd5 Nxd5 4. d4 Nc6 5. Nf3 Bf5 6. Bb5 e6 7. O-O Bd6 8. Nxd5 exd5 9. Re1+ Be7 10. Bg5 f6 11. Bh4 O-O 12. c3 Bg4 13. h3 Bh5 14.
Bg3 Bd6 15. Bxd6 Qxd6 16. Qd3 Bg6 17. Qd2 a6 18. Bd3 Ne7 19. Bxg6 Nxg6 20. Re2 Rfe8 21. Rae1 Rxe2 22. Rxe2 c6 23. Qe1 Qd8 24. Nd2 Rc8 25.
Nf1 Rc7 26. Ng3 Re7 27. Nf5 Rxe2 28. Qxe2 Kf7 29. g4 Nf4 30. Qf3 Ng6 31. Qg3 Kg8 32. Qe3 Kf7 33. Kg2 Qd7 34. Qg3 Kg8 35. h4 h6 36. h5 Ne7 37. Qe3 Nxf5 38. gxf5 Qxf5 39. Qe8+ Kh7 40. Qg6+ Qxg6+ 41. hxg6+ Kxg6 42. Kg3 Kf5 43. Kf3 g5 44. b3 h5 45. Kg3 h4+ 46. Kh3 Ke4 47.
Kg4 f5+ 48. Kxg5 h3 49. Kf6 h2 50. Ke6 h1=Q 51. Kd6 Qf1 52. Kc7 Qxf2 53. Kxb7 Qxa2 54.
Kxc6 Qxb3 55. Kd6 Qxc3 56. Ke6 Qxd4 0-1

[Event "Live Chess"]
[Site "Chess.com"]
[Date "2023.05.20"]
[Round "-"]
[White "killershark69420"]
[Black "PackedNote"]
[Result "0-1"]
[WhiteElo "293"]
[BlackElo "781"]
[TimeControl "300"]
[EndTime "9:35:55 PDT"]
[Termination "PackedNote won by resignation"]

1. e4 e5 2. Nf3 Nc6 3. Nc3 Bb4 4. Bb5 Nf6 5. Bxc6 dxc6 6. Nxe5 Bxc3 7. bxc3 Nxe4 8. c4 Qe7 9. d4 c5 10. c3 cxd4 11.
cxd4 c5 12. Qb3 cxd4 13. Qb5+ Kf8 14. Qd5 Nf6 15. Qxd4 Be6 16. Bg5 h6 17. Bxf6 Qxf6 18. Qd6+ Kg8 19. O-O Rd8 20. Qc5 b6 21. Qe3 Kh7 22.
Qe4+ g6 23. Ng4 Bxg4 24. Qxg4 Rhe8 25. h4 Rd4 26. Qh3 Rxh4 27. Qf3 Qxf3 28. gxf3 Rxc4 29. Rfc1 Rxc1+ 30. Rxc1 Re2 31. Rc7 Rxa2 32. Rxf7+ Kg8 33. Rf6 Kg7 34. Rc6 b5 35. Rc7+ Kf6 36. Rb7 Ra5 37. Kg2 Ke6 38. Rh7 b4 39. Rxh6 Kf5 40. Kg3 b3 41. f4 b2 42. Rh1 Ra1 43. Rxa1 bxa1=Q 44. Kh4 Qh1+ 45. Kg3 a5 46. f3 a4 0-1

[Event "Live Chess"]
[Site "Chess.com"]
[Date "2023.05.20"]
[Round "-"]
[White "Hacker_2009"]
[Black "ethanredball"]
[Result "1-0"]
[WhiteElo "1913"]
[BlackElo "664"]
[TimeControl "300"]
[EndTime "9:35:55 PDT"]
[Termination "Hacker_2009 won by checkmate"]

1. d4 d5 2. Nf3 Bf5 3. e3 Nc6 4. c4 dxc4 5. Bxc4 Nb4 6. Qa4+ Qd7 7. Qxb4 Bxb1 8. Ne5 Qh3 9. gxh3 Bd3 10. Bxf7+ Kd8 11. Qxb7 Rb8 12. Qxb8# 1-0

[Event "Live Chess"]
[Site "Chess.com"]
[Date "2023.05.20"]
[Round "-"]
[White "Driftboard"]
[Black "Crowded_House"]
[Result "0-1"]
[WhiteElo "759"]
[BlackElo "1678"]
[TimeControl "300"]
[EndTime "9:35:58 PDT"]
[Termination "Crowded_House won by checkmate"]

1. e4 e6 2. d4 d5 3. exd5 exd5 4. Nc3 c6 5. Nf3 Bd6 6. Be3 Ne7 7.
Bd3 h6 8. O-O O-O 9. h3 Bf5 10.
Bxf5 Nxf5 11. Qd2 Re8 12. Ne1 Nd7 13. Ne2 Qc7 14. c3 Re7 15. Nc2 Rae8 16. c4 dxc4 17.
b3 cxb3 18. axb3 a6 19. Qd3 Nxe3 20. fxe3 Nf6 21. Ng3 Bxg3 22. Rf3 Bd6 23. Re1 Ne4 24.
Qc4 Nd2 25. Qxf7+ Rxf7 26. Rxf7 Qxf7 27. Re2 Ne4 28. Kh1 Ng3+ 29. Kh2 Nxe2+ 30. Kh1 Qf1# 0-1

[Event "Live Chess"]
[Site "Chess.com"]
[Date "2023.05.20"]
[Round "-"]
[White "miguelchuk"]
[Black "GEMdzq"]
[Result "0-1"]
[WhiteElo "1639"]
[BlackElo "2371"]
[TimeControl "300"]
[EndTime "9:36:01 PDT"]
[Termination "GEMdzq won by resignation"]

1. e4 d6 2. d4 Nf6 3. Nc3 g6 4. Be3 Bg7 5. Qd2 c6 6. O-O-O b5 7. e5 dxe5 8. dxe5 Qxd2+ 9. Rxd2 Ng4 10. Bg5 h6 11.
Bh4 Nxe5 12. Bxe7 Kxe7 13. Re2 Kd8 14. f4 Nc4 15. Re4 Bf5 16. Bxc4 Bxe4 17. Nxe4 bxc4 18. Nf3 Kc7 19. Rf1 Re8 20. Nc5 Nd7 21. Na6+ Kb6 22. Nb4 a5 23. Rd1 Nc5 24. c3 axb4 25. cxb4 Nd3+ 0-1

[Event "Live Chess"]
[Site "Chess.com"]
[Date "2023.05.20"]
[Round "-"]
[White "ConorMaclaud"]
[Black "NAZRIZ1977"]
[Result "1-0"]
[WhiteElo "2118"]
[BlackElo "2112"]
[TimeControl "300"]
[EndTime "9:36:12 PDT"]
[Termination "ConorMaclaud won by resignation"]

1. Nf3 g6 2. d4 Bg7 3. Bg5 c5 4. c3 Nf6 5. e3 O-O 6. Be2 Qb6 7. Qb3 Qxb3 8. axb3 cxd4 9. exd4 d6 10. Nbd2 Nc6 11.
O-O Bf5 12. Nh4 Bd7 13. Nc4 h6 14. Be3 Ng4 15. Bd2 d5 16. Ne3 Nxe3 17. Bxe3 Bf6 18. Nf3 a6 19. Bxh6 Rfe8 20. Bf4 e5 21. dxe5 Nxe5 22. Nxe5 Bxe5 23. Bxe5 Rxe5 24. Bf3 Rae8 25. h3 Kg7 26. Rad1 Bc6 27. Rd4 f5 28. Rfd1 g5 29. Bxd5 Re2 30. Bxc6 bxc6 31. Rd7+ R8e7 32. Rxe7+ Rxe7 33. Rd2 Rb7 34. b4 Kf6 35. Kf1 Ke5 36. Ke2 f4 37.
Kf3 1-0

[Event "Live Chess"]
[Site "Chess.com"]
[Date "2023.05.20"]
[Round "-"]
[White "JoshMcK"]
[Black "EdenHazard8"]
[Result "0-1"]
[WhiteElo "1539"]
[BlackElo "2121"]
[TimeControl "300"]
[EndTime "9:36:16 PDT"]
[Termination "EdenHazard8 won by checkmate"]

1. e4 c5 2. c3 Nc6 3. d4 cxd4 4.
cxd4 d5 5. exd5 Qxd5 6. Nf3 Bg4 7. Nc3 Qh5 8. Be2 O-O-O 9. Be3 Nf6 10. O-O e5 11. d5 e4 12. h3 exf3 13. hxg4 Nxg4 14.
Bxf3 Qh2# 0-1

[Event "Live Chess"]
[Site "Chess.com"]
[Date "2023.05.20"]
[Round "-"]
[White "Albul"]
[Black "yeetpizza74"]
[Result "1-0"]
[WhiteElo "2194"]
[BlackElo "447"]
[TimeControl "300"]
[EndTime "9:36:18 PDT"]
[Termination "Albul won by checkmate"]

1. e4 c6 2. d4 d5 3. e5 e6 4. Bd3 c5 5. c3 cxd4 6. cxd4 Bb4+ 7. Bd2 Bxd2+ 8. Qxd2 f6 9. Nf3 Ne7 10.
exf6 gxf6 11. Nc3 Ng6 12. Qh6 e5 13. Bxg6+ hxg6 14. Qxh8+ Kd7 15. Qxd8+ Kxd8 16. dxe5 fxe5 17. Nxe5 Nd7 18. Nxd7 Bxd7 19. Nxd5 Be6 20. O-O-O Bxd5 21. Rxd5+ Ke7 22. Re1+ Kf6 23. Rd6+ Kf7 24. Rd7+ Kf8 25. Rxb7 Rc8+ 26. Kb1 Re8 27. Rxe8+ Kxe8 28. Rxa7 Kf8 29. a4 Ke8 30. Kc2 Kd8 31. a5 Kc8 32. Rg7 Kb8 33.
b4 Ka8 34. b5 Kb8 35. a6 Kc8 36. a7 Kd8 37. a8=Q# 1-0

[Event "Live Chess"]
[Site "Chess.com"]
[Date "2023.05.20"]
[Round "-"]
[White "Leonid_Starozhilov"]
[Black "Greenbecker"]
[Result "1-0"]
[WhiteElo "2666"]
[BlackElo "1703"]
[TimeControl "300"]
[EndTime "9:36:20 PDT"]
[Termination "Leonid_Starozhilov won by resignation"]

1. e4 e6 2. d4 d5 3. e5 c5 4. c3 Nc6 5. Nf3 Qb6 6. a3 Bd7 7.
b4 cxd4 8. cxd4 Rc8 9. Bd3 Nxd4 10. Be3 Nxf3+ 11. Qxf3 Qc7 12. O-O Qxe5 13. Nd2 Bd6 14. g3 Qf6 15. Qe2 d4 16. Ne4 Qe5 17. Bf4 Qd5 18.
Nxd6+ Kd8 19. Nxc8 Bxc8 20. Rac1 Nf6 21. Rfd1 Bd7 22. Bc4 Qe4 23. Qxe4 Nxe4 24. Rxd4 1-0

[Event "Live Chess"]
[Site "Chess.com"]
[Date "2023.05.20"]
[Round "-"]
[White "OBrightwell100"]
[Black "TDCMF"]
[Result "1-0"]
[WhiteElo "1329"]
[BlackElo "340"]
[TimeControl "300"]
[EndTime "9:36:27 PDT"]
[Termination "OBrightwell100 won on time"]

1. e4 e5 2. Qf3 Nf6 3. Nc3 Bc5 4. Bc4 Nc6 5. Nh3 d6 6. Ng5 Be6 7. Bxe6 fxe6 8. Nxe6 Qe7 9. Nd5 Qxe6 10. Nxc7+ Kd7 11.
Nxe6 Kxe6 12. c3 Rhd8 13. d3 d5 14. exd5+ Nxd5 15. c4 Ndb4 16. Qh3+ Kf7 17. Qf5+ Ke8 18. Qxh7 Nxd3+ 19. Kd2 Nxc1+ 20. Kxc1 e4 21. Qxe4+ Ne7 22. Re1 Rd4 23. Qe5 Rc8 24. a3 Rd5 25. Qxd5 Kf8 26. Qh5 g6 27. Qh8+ Kf7 28. Rxe7+ Kxe7 29. Qxc8 Bxf2 30.
Qxb7+ Ke6 31. Qxa7 Kf5 32. Qd7+ Kf4 33. Qd2+ Ke4 34.
Qxf2 g5 35. Qe2+ Kf4 36. Qg4+ Kxg4 37. h3+ Kg3 38. b4 1-0

[Event "Live Chess"]
[Site "Chess.com"]
[Date "2023.05.20"]
[Round "-"]
[White "Pandreq"]
[Black "seabuck"]
[Result "0-1"]
[WhiteElo "1257"]
[BlackElo "1825"]
[TimeControl "300"]
[EndTime "9:36:32 PDT"]
[Termination "seabuck won by resignation"]

1. d4 e6 2. c4 d5 3. Nc3 c5 4. cxd5 exd5 5. Nf3 Nc6 6. dxc5 d4 7. Nb5 Qa5+ 8. Nc3 dxc3 9. bxc3 Bxc5 10. Qb3 Be6 11. Qc2 Nf6 12. Bd2 Qb6 13. e3 O-O 14.
Rb1 Qc7 15. Nd4 Bxd4 16. cxd4 Rac8 17. Bb5 Bd5 18. O-O a6 19. Ba4 Be4 20. Qb2 Bxb1 21. Rxb1 b5 22. Bb3 Na5 23. Bc3 Qxc3 0-1

[Event "Live Chess"]
[Site "Chess.com"]
[Date "2023.05.20"]
[Round "-"]
[White "Kony20"]
[Black "azimchess2019"]
[Result "0-1"]
[WhiteElo "1324"]
[BlackElo "1376"]
[TimeControl "300"]
[EndTime "9:36:32 PDT"]
[Termination "azimchess2019 won by checkmate"]

1. e4 c5 2. Nf3 d6 3. d4 cxd4 4.
Nxd4 Nf6 5. Nc3 g6 6. Be2 Bg7 7. O-O O-O 8. f4 Nc6 9. f5 Nd7 10. Nxc6 bxc6 11. fxg6 hxg6 12. Bg5 Qb6+ 13. Kh1 Qxb2 14.
Na4 Qxa1 15. Qxa1 Bxa1 16. Rxa1 Re8 17. Rf1 Nb6 18. Nc3 Be6 19. Rf3 Bc4 20. Bd3 Bxd3 21.
cxd3 Nd7 22. Rh3 Ne5 23. d4 Ng4 24. Ne2 Nf2+ 25. Kg1 Nxh3+ 26. gxh3 f6 27. Be3 Rab8 28. Nf4 Kg7 29. Ne6+ Kf7 30. Nc7 Rb1+ 31. Kg2 Rc8 32.
Na6 Rb2+ 33. Kg3 Rxa2 34. Nb4 Ra3 35. Nxc6 Rxc6 36. Kf4 Rcc3 37. Bd2 Rf3+ 38. Kg4 f5+ 39. Kh4 Rxh3+ 40. Kg5 Rxh2 41. Bf4 Rg2+ 42. Kh4 Rg4# 0-1

[Event "Live Chess"]
[Site "Chess.com"]
[Date "2023.05.20"]
[Round "-"]
[White "hturner40"]
[Black "daveeeeR"]
[Result "1-0"]
[WhiteElo "1866"]
[BlackElo "1254"]
[TimeControl "300"]
[EndTime "9:36:33 PDT"]
[Termination "hturner40 won by resignation"]

1. g3 c5 2. Nf3 Nc6 3. Bg2 d5 4.
d4 c4 5. b3 cxb3 6. axb3 e5 7.
Nxe5 Bb4+ 8. c3 Bd6 9. Nxc6 bxc6 10. O-O Ne7 11. e4 O-O 12. e5 Bc7 13. Ba3 f6 14. exf6 Rxf6 15. Re1 Bd6 16. Bxd6 Qxd6 17. Nd2 Bd7 18. Nf3 Raf8 19. Qe2 Ng6 20. Ne5 Qc7 21. f4 Bf5 22. c4 Be4 23. Bxe4 dxe4 24. Qxe4 Nxe5 25.
dxe5 Re6 26. f5 Ree8 27. g4 Qb6+ 28. Qe3 Rxe5 29. Qxb6 Rxe1+ 30. Rxe1 axb6 31. Re6 Rc8 32. Re7 Kf8 33. Rb7 b5 34. cxb5 cxb5 35. Rxb5 Kf7 36. g5 h6 37. h4 hxg5 38. hxg5 Rc1+ 39. Kg2 Rc2+ 40. Kg3 Rc1 41. Rb7+ Kf8 42. g6 Ke8 43. Rxg7 Rc3+ 44. Kg4 Rxb3 45. Kg5 Rb5 46. Kf6 Rb6+ 47. Kg5 Rb5 48. Rf7 Rc5 49. Kh6 Rc6 50. Kg7 Kd8 51. Ra7 Ke8 52. f6 1-0

[Event "Live Chess"]
[Site "Chess.com"]
[Date "2023.05.20"]
[Round "-"]
[White "lateforthesky"]
[Black "BostonStrangler"]
[Result "0-1"]
[WhiteElo "2077"]
[BlackElo "2018"]
[TimeControl "300"]
[EndTime "9:36:35 PDT"]
[Termination "BostonStrangler won by resignation"]

1. e4 c5 2. Nf3 g6 3. c3 Nc6 4. Bc4 Bg7 5. O-O e6 6. d4 cxd4 7. Nxd4 Nge7 8. Nb5 d5 9. exd5 exd5 10. Bxd5 O-O 11. Bxc6 Nxc6 12. Qxd8 Rxd8 13. Be3 a6 14. N5a3 Bf5 15. Nd2 Bd3 16. Rfe1 b5 17. Rac1 Rab8 18.
b3 Rbc8 19. c4 Bb2 20. cxb5 Bxc1 21. Rxc1 axb5 22. Nf3 Nb4 23. Rxc8 Rxc8 24. h3 Nc2 25. Nxc2 Rxc2 26. a4 bxa4 27. bxa4 Ra2 28. Ne5 Bf5 29. g4 Be6 30. Nc6 Rxa4 31. Nd4 Bd5 32. Kh2 f6 33. Kg3 Kf7 34. Ne2 Ke6 35. Nf4+ Ke5 36. Nxd5 Kxd5 37. Kf3 Ra3 38. Kf4 Ke6 39. h4 Ra4+ 40. Kg3 Kd5 41. Kf3 f5 42. gxf5 gxf5 43. Bg5 Ke5 44. Bd8 Ra3+ 45. Kg2 Ke4 46. Bc7 f4 47.
Bb6 Rb3 48. Ba7 Rb7 49. Bc5 Rg7+ 50. Kh3 Kf3 51. Bd4 Rd7 52. Bb6 Rd2 53. h5 Rxf2 54.
Bxf2 Kxf2 55. Kg4 Ke3 56. Kg5 f3 57. Kh6 f2 58. Kxh7 f1=Q 59. h6 Qf7+ 60. Kh8 Qf6+ 61.
Kh7 Kf4 62. Kg8 0-1

[Event "Live Chess"]
[Site "Chess.com"]
[Date "2023.05.20"]
[Round "-"]
[White "SaraTang"]
[Black "xx_blindpuffin_xx"]
[Result "0-1"]
[WhiteElo "168"]
[BlackElo "2188"]
[TimeControl "300"]
[EndTime "9:36:38 PDT"]
[Termination "xx_blindpuffin_xx won by checkmate"]

1. e4 c5 2. Bc4 e6 3. Qf3 Nc6 4. Nh3 Ne5 5. Qf4 Nxc4 6. Ng5 Qf6 7.
g3 h6 8. Nxf7 Qxf7 9. Qxf7+ Kxf7 10. O-O Nf6 11. e5 Nxe5 12. Re1 Nf3+ 13. Kf1 Nxe1 14.
Kxe1 b6 15. d3 Bb7 16. Bxh6 Rxh6 17. Nc3 Rxh2 18. Rd1 Bf3 19. Rd2 Rh1# 0-1

[Event "Live Chess"]
[Site "Chess.com"]
[Date "2023.05.20"]
[Round "-"]
[White "thrithik"]
[Black "JackRudd"]
[Result "0-1"]
[WhiteElo "483"]
[BlackElo "2424"]
[TimeControl "300"]
[EndTime "9:36:39 PDT"]
[Termination "JackRudd won by checkmate"]

1. a3 Nf6 2. Nc3 d5 3. Nf3 d4 4. Ne5 dxc3 5. dxc3 Qxd1+ 6. Kxd1 Nbd7 7. Nxd7 Bxd7 8.
Bd2 O-O-O 9. Be3 Ng4 10. Bxa7 b6 11. a4 Kb7 12. a5 Kxa7 13. axb6+ Kxb6 14. Ra4 Bxa4+ 15. Kc1 Nxf2 16. Rg1 Rd1# 0-1

[Event "Live Chess"]
[Site "Chess.com"]
[Date "2023.05.20"]
[Round "-"]
[White "gmnorfolk"]
[Black "defenderalist"]
[Result "1-0"]
[WhiteElo "2169"]
[BlackElo "1591"]
[TimeControl "300"]
[EndTime "9:36:42 PDT"]
[Termination "gmnorfolk won by resignation"]

1. d4 e6 2. c4 d5 3. Nf3 Nf6 4. g3 dxc4 5. Bg2 Bb4+ 6. Bd2 Bxd2+ 7. Nbxd2 b5 8. a4 Bb7 9. axb5 O-O 10. Nxc4 c5 11. dxc5 1-0

[Event "Live Chess"]
[Site "Chess.com"]
[Date "2023.05.20"]
[Round "-"]
[White "JuperLuper"]
[Black "SavagePawn7"]
[Result "1-0"]
[WhiteElo "1188"]
[BlackElo "790"]
[TimeControl "300"]
[EndTime "9:36:43 PDT"]
[Termination "JuperLuper won by resignation"]

1. c4 e5 2. Nc3 Nf6 3. e3 Nc6 4. d4 Bb4 5. d5 Bxc3+ 6. bxc3 Ne7 7. Bb2 c6 8. d6 Nf5 9. Nf3 O-O 10. Bd3 Ne8 11.
Bxf5 Nxd6 12. Qxd6 1-0

[Event "Live Chess"]
[Site "Chess.com"]
[Date "2023.05.20"]
[Round "-"]
[White "tuppyglossop"]
[Black "MaximKhimchenko"]
[Result "1-0"]
[WhiteElo "1609"]
[BlackElo "1375"]
[TimeControl "300"]
[EndTime "9:36:50 PDT"]
[Termination "tuppyglossop won by resignation"]

1. e4 e5 2. Nf3 Nc6 3. Bb5 Bc5 4. O-O Nf6 5. d3 d6 6. c3 Bd7 7. Bg5 h6 8. Bh4 g5 9. Bg3 Nh5 10. Nbd2 Nxg3 11. hxg3 h5 12. Nb3 Bb6 13. Qd2 Rg8 14. Rae1 h4 15. gxh4 gxh4 16. Qh6 Bg4 17. Nxh4 Qd7 18.
d4 a6 19. Ba4 1-0

[Event "Live Chess"]
[Site "Chess.com"]
[Date "2023.05.20"]
[Round "-"]
[White "LodeshChess"]
[Black "Jeffaroow"]
[Result "1-0"]
[WhiteElo "879"]
[BlackElo "454"]
[TimeControl "300"]
[EndTime "9:36:57 PDT"]
[Termination "LodeshChess won by resignation"]

1. e4 e5 2. Nf3 Nc6 3. c3 Nf6 4. d4 exd4 5. e5 Nd5 6. Qb3 Nxe5 7. Nxe5 Qe7 8. Qxd5 c6 9. Qxd4 c5 10. Qe3 d6 11.
Nc4 Qxe3+ 12. Nxe3 1-0

[Event "Live Chess"]
[Site "Chess.com"]
[Date "2023.05.20"]
[Round "-"]
[White "Bot_Boy"]
[Black "PaulHumphreys"]
[Result "0-1"]
[WhiteElo "329"]
[BlackElo "1364"]
[TimeControl "300"]
[EndTime "9:36:58 PDT"]
[Termination "PaulHumphreys won on time"]

1. g4 e5 2. h4 Bc5 3. e3 d6 4. Nc3 Nf6 5. Be2 Nc6 6. Bb5 a6 7. Bc4 Nxg4 8. Ne4 Ba7 9. Ng3 Qf6 10.
f3 Nh6 11. Nh5 Qg6 12. Nxg7+ Qxg7 13. d4 exd4 14. e4 Qg2 15. Bxh6 Qxh1 16. Kd2 Qxh4 17.
Bg7 Rg8 18. Kd3 Rxg7 19. Qf1 Ne5+ 0-1

[Event "Live Chess"]
[Site "Chess.com"]
[Date "2023.05.20"]
[Round "-"]
[White "KuriyamaMiraiUA"]
[Black "Ferrarifan27"]
[Result "0-1"]
[WhiteElo "622"]
[BlackElo "2108"]
[TimeControl "300"]
[EndTime "9:37:03 PDT"]
[Termination "Ferrarifan27 won by checkmate"]

1. d4 Nf6 2. c4 e6 3. Nc3 Bb4 4. e3 c5 5. Bd3 O-O 6. Nf3 Nc6 7.
O-O d6 8. Be4 Bxc3 9. bxc3 Nxe4 10. d5 Ne7 11. Bb2 e5 12. Nd2 Nxd2 13. Qxd2 f5 14.
a4 b6 15. f4 e4 16. Qe2 Ba6 17. g4 fxg4 18. Qxg4 Nf5 19. Qg2 Nxe3 20. Rf2 Nxg2 21. Kxg2 Bxc4 22. f5 e3 23. Rf4 Bxd5+ 24. Kf1 c4 25.
Rd1 Qg5 26. Rdd4 Qg2+ 27. Ke1 Bf3 28. Rd2 Qxd2+ 29. Kf1 Qf2# 0-1

[Event "Live Chess"]
[Site "Chess.com"]
[Date "2023.05.20"]
[Round "-"]
[White "Sergio2StepsAheado"]
[Black "Ayush_prahlad_Gupta"]
[Result "0-1"]
[WhiteElo "970"]
[BlackElo "1800"]
[TimeControl "300"]
[EndTime "9:37:07 PDT"]
[Termination "Ayush_prahlad_Gupta won by checkmate"]

1. e4 e5 2. Nf3 Nc6 3. Nc3 Bc5 4. Bc4 d6 5. d3 Bg4 6. h3 Bh5 7. Be3 Nd4 8. Bxd4 exd4 9. Nd5 c6 10. Nf4 Bxf3 11. Qxf3 Bb4+ 12. Ke2 Nf6 13. Rac1 O-O 14.
c3 dxc3 15. bxc3 Ba5 16. Rhe1 d5 17. exd5 cxd5 18. Nxd5 Nxd5 19. Bxd5 Qc7 20. Rc2 Rae8+ 21. Kd1 Rxe1+ 22. Kxe1 Bxc3+ 23. Kd1 Qa5 24. Bb3 Qe5 25. Re2 Qg5 26. Bxf7+ Kh8 27. Rc2 Qe5 28. Re2 Qb5 29.
Bc4 Qb1# 0-1

[Event "Live Chess"]
[Site "Chess.com"]
[Date "2023.05.20"]
[Round "-"]
[White "lamteama1"]
[Black "Fayn02"]
[Result "1-0"]
[WhiteElo "977"]
[BlackElo "1009"]
[TimeControl "300"]
[EndTime "9:37:07 PDT"]
[Termination "lamteama1 won by resignation"]

1. e4 c6 2. Nc3 d5 3. d3 Qb6 4. d4 g6 5. Nf3 Nh6 6. Bd3 Qc7 7. exd5 cxd5 8. Nxd5 Qd6 9. c4 Bg4 10. Bf4 Qe6+ 11.
Be5 f6 12. Nc7+ 1-0

[Event "Live Chess"]
[Site "Chess.com"]
[Date "2023.05.20"]
[Round "-"]
[White "JashonTOGM"]
[Black "MarkLim1"]
[Result "0-1"]
[WhiteElo "1057"]
[BlackElo "1602"]
[TimeControl "300"]
[EndTime "9:37:28 PDT"]
[Termination "MarkLim1 won by resignation"]

1. d4 Nf6 2. Bf4 c5 3. c3 Qb6 4. Nf3 Qxb2 5. Nbd2 Qxc3 6. Rc1 Qa5 7. e3 d6 8. Bd3 Nc6 9. O-O cxd4 10. exd4 Bg4 11.
Be4 Bxf3 12. Qxf3 Nxd4 13. Qd3 e5 14. Bg5 Be7 15. Bxf6 Bxf6 16. Bxb7 Rb8 17. Bc6+ Nxc6 18. Rxc6 O-O 19. Nf3 Qxa2 20. Rxd6 h6 21. Re1 Rb3 22. Qd1 Re8 23. Nd2 Rb2 24. Rxf6 gxf6 25. Qg4+ Kh7 26. Qf5+ Kh8 27. Qxf6+ Kh7 28. Nf3 Rxf2 29. Nh4 Rxf6 0-1

[Event "Live Chess"]
[Site "Chess.com"]
[Date "2023.05.20"]
[Round "-"]
[White "KGreenGator"]
[Black "wadsy27"]
[Result "0-1"]
[WhiteElo "1767"]
[BlackElo "2587"]
[TimeControl "300"]
[EndTime "9:37:34 PDT"]
[Termination "wadsy27 won by checkmate"]

1. c4 e5 2. Nc3 Nf6 3. e4 Bc5 4. h3 d6 5. Nf3 a6 6. a3 Nc6 7. b4 Ba7 8. Bb2 O-O 9. Bd3 h6 10. Bc2 Nd4 11. Nd5 Nxd5 12. cxd5 Nxf3+ 13. Qxf3 g6 14. d3 f5 15. Bc1 fxe4 16. Qxe4 Bxf2+ 17. Ke2 Bf5 18. Qc4 Bd4 19. Bxh6 b5 20. Qb3 Qh4 21. Bxf8 Qf2+ 22. Kd1 Rxf8 23. Rb1 Qxg2 24. Re1 Bxh3 25. Kc1 Qg5+ 26. Kd1 Bg4+ 27. Re2 Rf1# 0-1

[Event "Live Chess"]
[Site "Chess.com"]
[Date "2023.05.20"]
[Round "-"]
[White "martinsmartin63"]
[Black "LiamBellwood"]
[Result "0-1"]
[WhiteElo "760"]
[BlackElo "2111"]
[TimeControl "300"]
[EndTime "9:37:37 PDT"]
[Termination "LiamBellwood won by checkmate"]

1. e4 e6 2. Nf3 d5 3. d4 dxe4 4. Ne5 c5 5. c3 cxd4 6. cxd4 Nf6 7. Nc3 Bb4 8. Bd2 Qxd4 9. Bb5+ Bd7 10. Nxd7 Nbxd7 11. O-O Bxc3 12. Bxc3 Qxd1 13. Rfxd1 O-O-O 14. Bxf6 Nxf6 15. Rxd8+ Rxd8 16. Be2 Rd2 17. Rd1 Rxe2 18. Rd6 Re1# 0-1

[Event "Live Chess"]
[Site "Chess.com"]
[Date "2023.05.20"]
[Round "-"]
[White "ickabod1100"]
[Black "PureMellowPlan"]
[Result "1-0"]
[WhiteElo "931"]
[BlackElo "604"]
[TimeControl "300"]
[EndTime "9:37:38 PDT"]
[Termination "ickabod1100 won by resignation"]

1. e4 e5 2. Nf3 Nc6 3. d4 exd4 4. Nxd4 Nxd4 5. Qxd4 Nf6 6. Bg5 Be7 7. e5 Ng8 8. Bxe7 Qxe7 9. Nc3 f6 10. Qe4 Qxe5 11. Qxe5+ fxe5 12. Nd5 c5 13. Nc7+ Kd8 14. Nxa8 d5 15. g3 Bf5 16. O-O-O Kc8 17. Rxd5 Kb8 18.
Rd8+ 1-0

[Event "Live Chess"]
[Site "Chess.com"]
[Date "2023.05.20"]
[Round "-"]
[White "Olisingapore"]
[Black "Vedant-1411"]
[Result "1-0"]
[WhiteElo "1950"]
[BlackElo "871"]
[TimeControl "300"]
[EndTime "9:37:41 PDT"]
[Termination "Olisingapore won by checkmate"]

1. d4 d5 2. c4 dxc4 3. Nf3 Be6 4. e3 Nc6 5. Nc3 a6 6. d5 b5 7. dxe6 fxe6 8. Qxd8+ Rxd8 9. b3 b4 10. Na4 c3 11.
Nc5 c2 12. Bb2 Nf6 13. Rc1 Rd1+ 14. Rxd1 cxd1=Q+ 15.
Kxd1 e5 16. Bxa6 e4 17. Ng5 h6 18. Nge6 Ng4 19. Ke2 Nb8 20. Bb5+ Kf7 21. Bc4 Nc6 22. Nd8+ Ke8 23. Nxc6 e5 24. Rd1 Rh7 25. Rd8# 1-0

[Event "Live Chess"]
[Site "Chess.com"]
[Date "2023.05.20"]
[Round "-"]
[White "flyingpuffins"]
[Black "MizYanKo"]
[Result "1-0"]
[WhiteElo "1984"]
[BlackElo "564"]
[TimeControl "300"]
[EndTime "9:37:48 PDT"]
[Termination "flyingpuffins won by checkmate"]

1. d4 d5 2. e4 e5 3. dxe5 dxe4 4. Qxd8+ Kxd8 5. Nc3 Bf5 6. Nge2 Bb4 7. Bg5+ Ne7 8.
O-O-O+ Nd7 9. Nd5 Ke8 10. Nxb4 Nxe5 11. Ng3 Rd8 12. Rxd8+ Kxd8 13. Bxe7+ Kxe7 14. Nxf5+ Kf6 15. Ng3 Rd8 16. Be2 c5 17. Nxe4+ Kf5 18. Nxc5 Kf4 19. Nbd3+ Kf5 20. Nxe5 Kxe5 21. Bf3 Rd4 22. Re1+ Kd6 23.
Nxb7+ Kc7 24. Nc5 Kb6 25. Nb3 Kb5 26. Nxd4+ Kc4 27. Re7 Kxd4 28. Rxf7 Ke5 29. Rxg7 Kf6 30. Rxa7 Kg6 31. Rxh7 Kxh7 32. a4 Kh6 33. a5 Kg7 34. a6 Kf7 35. a7 Ke7 36. a8=Q Kd7 37. Qe4 Kd6 38. Qc6+ Ke5 39. b4 Kd4 40. b5 Ke5 41. b6 Kf4 42. b7 Kg5 43. b8=Q Kf5 44. Qf8+ Ke5 45. Qd5# 1-0